 Dungeon Crawl Stone Soup version 0.25-a0-36-g303dd5b1f4 (webtiles) character file.

Game seed: 6583261008863873975, levelgen mode: deterministic

209 Conn the Firebug (level 5, -4/32 HPs)
             Began as an Octopode Fire Elementalist on Oct 20, 2019.
             Killed from afar by an orc wizard (8 damage)
             ... with a magic dart
             ... on level 3 of the Dungeon.
             The game lasted 00:05:52 (1889 turns).

Conn the Firebug (Octopode Fire Elementalist)       Turns: 1889, Time: 00:05:52

Health: -4/32      AC:  1    Str:  8    XL:     5   Next: 87%
Magic:  7/9        EV: 14    Int: 18    God:
Gold:   104        SH:  0    Dex: 12    Spells: 8/9 levels left

rFire    . . .     SeeInvis .   k - +0 trident (freeze)
rCold    . . .     Gourm    +   (no shield)
rNeg     . . .     Faith    .   (helmet restricted)
rPois    .         Spirit   .   g - amulet of the gourmand
rElec    .         Reflect  .   (no ring)
rCorr    .         Harm     .   (no ring)
MR       .....                  (no ring)
Stlth    +++.......             (no ring)
HPRegen  0.10/turn              (no ring)
MPRegen  0.11/turn              (no ring)
                                (no ring)
                                (no ring)

@: no status effects
A: almost no armour, stealthy swim, amphibious, 8 rings, constrict 8, camouflage
1, gelatinous body 1
a: no special abilities


You were on level 3 of the Dungeon.
You were completely stuffed.

You visited 1 branch of the dungeon, and saw 3 of its levels.

You collected 104 gold pieces.

Inventory:

Hand Weapons
 k - a +0 trident of freezing (weapon)
Missiles
 c - 2 datura-tipped darts (quivered)
Jewellery
 g - an amulet of the gourmand (around mantle)
 l - a cursed amulet of inaccuracy {unknown}
Scrolls
 a - 3 scrolls of identify {unknown}
 d - 3 scrolls of amnesia {unknown}
 e - 4 scrolls of remove curse {unknown}
 f - a scroll of magic mapping {unknown}
 j - a scroll of teleportation {unknown}
Potions
 i - 3 potions of curing
 n - a potion of haste {unknown}
Comestibles
 b - 4 rations
 m - 3 chunks of flesh


   Skills:
 + Level 0.9 Fighting
 + Level 1.4 Polearms
 + Level 0.5 Throwing
 + Level 2.6 Dodging
 + Level 3.4 Stealth
 + Level 2.9 Spellcasting
 + Level 1.8 Conjurations
 + Level 4.4 Fire Magic


You had 8 spell levels left.
You knew the following spells:

 Your Spells              Type           Power        Failure   Level  Hunger
a - Flame Tongue          Conj/Fire      ##...        4%          1    None

Your spell library contained the following spells:

 Spells                   Type           Power        Failure   Level  Hunger
 Throw Flame              Conj/Fire      ##....       7%          2    ##.....
 Conjure Flame            Conj/Fire      ##......     14%         3    ###....
 Inner Flame              Hex/Fire       ##......     21%         3    ###....
 Sticky Flame             Conj/Fire      ##......     41%         4    ####...
 Fireball                 Conj/Fire      ##........   77%         5    ######.


Dungeon Overview and Level Annotations

Branches:
Dungeon (3/15)

Altars:
Dithmenos
Fedhas
Trog
Uskayaw


Innate Abilities, Weirdness & Mutations

You cannot wear most types of armour.
You are very stealthy in the water. (Stealth+)
You are amphibious.
You can wear up to eight rings at the same time.
You can use your tentacles to constrict eight enemies at once.
Your skin changes colour to match your surroundings (Stealth+).
Your rubbery body absorbs attacks. (AC +1, EV +1)


Message History

The orc is heavily wounded.
You constrict the orc, but do no damage.
Something hits you.
* * * LOW HITPOINT WARNING * * *
Something hits you.
* * * LOW HITPOINT WARNING * * *
Casting: Flame Tongue (safe; 4% risk of failure)
Confirm with . or Enter, or press ? or * to list all spells.
Aiming: Flame Tongue (safe; 4% risk of failure)
Press: ? - help, Shift-Dir - straight line, f/p - orc
Aim: an orc, wielding a +0 falchion of protection (heavily wounded, constricted by you)
The flame tongue hits the orc.
The orc is severely wounded.
You constrict the orc.
The orc hits you with a +0 falchion of protection.
* * * LOW HITPOINT WARNING * * *
You hear some strange, mumbled words.
A magic dart appears from out of thin air!
The magic dart hits you!
You die...

....)........### #.# #..##.##..#.
...###...##..#####.###.# #.###.#.
....####.#..........##.# #.# #.##
..#.## #...#..####...#.# #.# #♣♣♣
.##..###.#.##.# #.....###.# ♣♣♣.
.#♣♣.♣♣..#.##.# ##...#..##.##♣.P.
.# ♣..♣.##.##.###$...#.......♣♣.P
.# ♣.P♣.##..####{...##.###....♣♣.
## P..♣.###.# #o@.####.# #####.♣.
# ♣.♣♣## ####.)### ### ♣♣..
####.## #..# ♣... ......########.
♣♣)♣♣ #.<..........## ♣)♣♣
#...########..## #..## #...#
#######.## #######..##
#...####........#######.......###
#.....†..######...............###


You could see an orc.

Vanquished Creatures
  A howler monkey (D:2)
  A hound (D:3)
  3 gnolls (D:3)
  4 adders
  A leopard gecko (D:3)
  12 orcs (D:3)
  A ball python (D:1)
  4 giant cockroaches
  7 goblins
  5 hobgoblins
  3 jackals (D:1)
  5 kobolds
  A quokka (D:3)
  4 bats
  3 frilled lizards (D:3)
  5 rats
60 creatures vanquished.

Vanquished Creatures (collateral kills)
  A jackal (D:1)
  A kobold (D:1)
  A frilled lizard (D:1)
  A rat (D:1)
4 creatures vanquished.

Grand Total: 64 creatures vanquished

Notes
Turn   | Place    | Note
-------+----------+-------------------------------------------
     0 | D:1      | Conn the Octopode Fire Elementalist began the quest for the
                  | Orb.
     0 | D:1      | Reached XP level 1. HP: 11/11 MP: 3/3
    73 | D:1      | Reached XP level 2. HP: 6/17 MP: 0/5
   524 | D:1      | Reached XP level 3. HP: 9/21 MP: 1/6
   699 | D:2      | Reached skill level 4 in Fire Magic
   886 | D:2      | Reached XP level 4. HP: 7/27 MP: 0/7
   927 | D:2      | Found a blossoming altar of Fedhas.
  1002 | D:2      | You fall into a shaft and drop 1 floor!
  1067 | D:3      | Found a bloodstained altar of Trog.
  1435 | D:3      | Reached XP level 5. HP: 27/31 MP: 9/9
  1495 | D:3      | Found a shadowy altar of Dithmenos.
  1694 | D:3      | Found a hide-covered altar of Uskayaw.
  1811 | D:3      | Reached skill level 1 in Polearms
  1889 | D:3      | Killed from afar by an orc wizard

Levels and vault maps discovered:
D:1:      lemuel_arrival_behind_the_door_large, layout_rooms
D:2:      layout_rooms, fedhas_altar_3
D:3:      layout_rooms, nicolae_dithmenos_through_a_glass_darkly,
          lemuel_doored_altar, lemuel_coloured_pillars_altar, serial_forest,
          infiniplex_forest_end_1, infiniplex_forest_end_1,
          infiniplex_forest_join, infiniplex_forest_clump_small,
          infiniplex_forest_straight_4, hangedman_abyss_or_decor_stabs,
          makhleb_blood_cavern_becter

Skill      XL: |  1  2  3  4  5 |
---------------+----------------+-----
Fire Magic     | 4 |  4.4
Stealth        | 3 |  3.4
Polearms       | 1 |  1.4
Fighting       | |  0.9
Throwing       | |  0.5
Dodging        | |  2.6
Spellcasting   | |  2.9
Conjurations   | |  1.8

Action                   |  1- 3 |  4- 6 || total
-------------------------+-------+-------++-------
Melee: Unarmed           |    48 |     6 ||    54
       Constrict         |    13 |    15 ||    28
       Tentacles         |     9 |    11 ||    20
       Trident           |       |    59 ||    59
Throw: Dart              |     1 |       ||     1
 Cast: Flame Tongue      |    36 |    19 ||    55
  Use: Potion            |       |     3 ||     3
 Stab: Sleeping          |     2 |     1 ||     3
  Eat: Chunk             |     3 |    11 ||    14
Armor: Skin              |     4 |     2 ||     6
Dodge: Dodged            |    57 |    46 ||   103

Table legend:
 A = Non-vault XP
 B = Vault XP
 C = Vault XP percentage of total XP
 D = Non-vault monster count
 E = Vault monster count
 F = Vault count percentage of total count
                 A         B        C        D         E       F
            +---------+---------+-------+---------+---------+-------
      Total |     256 |      43 |  14.4 |      63 |       1 |   1.6
            +---------+---------+-------+---------+---------+-------
        D:1 |      38 |       0 |   0.0 |      24 |       0 |   0.0
        D:2 |      82 |       0 |   0.0 |       9 |       0 |   0.0
        D:3 |     136 |      43 |  24.0 |      30 |       1 |   3.2
            +---------+---------+-------+---------+---------+-------
